 Dungeon Crawl Stone Soup version 0.31-a0-971-g75a2e9a4b4 (webtiles) character file.

Game seed: 1278697483505837958

868 Arzdou the Carver (level 8, -3/62 HPs)
             Began as a Merfolk Monk on Oct 28, 2023.
             Was an Initiate of Ru.
             Splashed by a jelly's acid (9 damage)
             ... on level 6 of the Dungeon.
             The game lasted 00:06:48 (4773 turns).

Arzdou the Carver (Merfolk Monk)                    Turns: 4773, Time: 00:06:49

Health: -3/62      AC: -5    Str: 12    XL:     8   Next: 3%
Magic:  8/8        EV: 14    Int:  9    God:    Ru [......]
Gold:   295        SH:  0    Dex: 18    Spells: 7/7 levels left

rFire   + . .        a - +0 falchion
rCold   + . .        d - orb {light}
rNeg    . . .        k - +1 robe {rC+ rF+}
rPois   .            (no helmet)
rElec   .            (no cloak)
rCorr   .            (no gloves)
SInv    .            (no boots)
Will    .....        (no amulet)
Stlth   +            (no ring)
HPRegen 0.30/turn    (no ring)
MPRegen 0.11/turn

%: no passive effects
@: confused, ambrosia-drunk, corroded, glowing
A: (nimble swimmer 2), mertail
a: Renounce Religion, Sacrifice Health, Sacrifice Drink, Sacrifice Forms, Reject
Sacrifices


You were on level 6 of the Dungeon.
You worshipped Ru.
Ru was noncommittal.
You visited 2 branches of the dungeon, and saw 7 of its levels.

You collected 295 gold pieces.

Inventory:

Hand Weapons
 a - a +0 falchion (weapon)
Missiles
 m - a curare-tipped dart (quivered)
Armour
 d - an orb of light (worn)
 k - a +1 robe of resistance (worn)
 q - a +0 buckler
Jewellery
 e - a ring of wizardry
Talismans
 r - a dragon-blood talisman
Wands
 v - a wand of flame (17)
Scrolls
 b - 3 scrolls of silence {unknown}
 i - a scroll of vulnerability {unknown}
 j - 2 scrolls of teleportation
 o - 2 scrolls of revelation {unknown}
 p - 2 scrolls of identify {unknown}
 s - a scroll of immolation {unknown}
 t - a scroll of enchant weapon {unknown}
 u - a scroll of amnesia {unknown}
Potions
 f - 2 potions of degeneration {unknown}
 g - a potion of berserk rage {unknown}
 h - 2 potions of mutation {unknown}
 l - a potion of attraction {unknown}
 n - a potion of haste {unknown}
 w - 2 potions of enlightenment {unknown}


   Skills:
 - Level 5.0 Fighting
 - Level 9.0 Long Blades
 - Level 5.0 Dodging
 + Level 4.1 Shapeshifting


You had 7 spell levels left.
You didn't know any spells.
Your spell library contained the following spells:

 Spells                   Type           Power      Damage    Failure   Level
 Manifold Assault         Tloc           0%         N/A       99%         4
 Dispersal                Tloc           0%         N/A       100%        6
 Disjunction              Tloc           0%         N/A       100%        8


Dungeon Overview and Level Annotations

Branches:
Dungeon (6/15)             Temple (1/1) D:5

Altars:
Ashenzari
Cheibriados
Dithmenos
Elyvilon
Fedhas
Hepliaklqana
Kikubaaqudgha
Makhleb
Nemelex Xobeh
Okawaru
Qazlal
Ru
Sif Muna
Uskayaw
Vehumet
Wu Jian
Zin

Annotations:
D:6 Grinder, Sigmund


Innate Abilities, Weirdness & Mutations

((You are very nimble when in or above water. (Stealth+, EV+, Speed+++)))
Your lower body shifts to a powerful aquatic tail in water.


Message History

The adder is heavily wounded.
You feel sick. The adder closely misses you. The jelly hits you.
The acid corrodes you!
You are splashed with acid!
You hit the adder.
The adder is severely wounded.
You feel sick. The adder completely misses you.
You completely miss the adder.
The adder is severely wounded.
You feel sick. The jelly closely misses you. The adder bites you.
You are too injured to fight recklessly!
You are too injured to fight recklessly!
You are too injured to fight recklessly!
You are too injured to fight recklessly!
You are too injured to fight recklessly!
You are too injured to fight recklessly!
You are too injured to fight recklessly!
You are too injured to fight recklessly!
You hit the adder.
You kill the adder!
You feel sick. The jelly barely misses you.
You hit the jelly.
Your hands burn!
The jelly is lightly wounded.
You feel sick. The jelly hits you. The acid corrodes you!
You are splashed with acid!
* * * LOW HITPOINT WARNING * * *
You slash the jelly!
Your hands burn!
* * * LOW HITPOINT WARNING * * *
The jelly is severely wounded.
You feel sick. The jelly hits you.
* * * LOW HITPOINT WARNING * * *
The acid corrodes you!
You are splashed with acid!
* * * LOW HITPOINT WARNING * * *
You are confused.
You feel invigorated.
You feel sick.
You are no longer poisoned.
The jelly barely misses you. The jelly hits you.
* * * LOW HITPOINT WARNING * * *
You are splashed with acid!
You die...

#.#####.###.#
#####.........##.#
#...# .#####.###.#
#......####...##.##
#...#.##...........
##.#.#.#.##...###.#
#...###..###.## #.#
#..#.#.#.# #.# #.#
#.@##.##.# #.# #.#
......J†##.##.#
#.####.#
#####...##.##.#
#....... #.....#.##.#
######.#
#........##.########.#
..........##..........#
###.......## ##########
##.......


You could see a jelly.

Vanquished Creatures
  A black bear (D:5)
  An ogre (D:5)
  Blork the orc (D:5)
  A bullfrog (D:4)
  2 scorpions (D:5)
  A jelly (D:5)
  An orc priest (D:5)
  Jessica (D:2)
  2 iguanas (D:5)
  Terence (D:3)
  2 orc wizards (D:5)
  10 gnolls
  A river rat (D:5)
  3 adders
  2 ufetubi (D:5)
  4 dart slugs
  8 orcs (D:5)
  5 ball pythons
  5 bats
  6 endoplasms
  3 giant cockroaches
  7 goblins
  5 hobgoblins
  3 jackals (D:5)
  7 kobolds
  4 quokkas
  2 frilled lizards (D:3)
  7 rats
96 creatures vanquished.

Notes
Turn   | Place    | Note
-------+----------+-------------------------------------------
     0 | D:1      | Arzdou the Merfolk Monk began the quest for the Orb.
     0 | D:1      | Reached XP level 1. HP: 18/18 MP: 1/1
    89 | D:1      | Reached XP level 2. HP: 15/24 MP: 2/2
   257 | D:1      | Reached skill level 4 in Long Blades
   471 | D:1      | Reached XP level 3. HP: 27/30 MP: 3/3
  1084 | D:2      | Noticed Jessica
  1091 | D:2      | Killed Jessica
  1092 | D:2      | Reached XP level 4. HP: 28/37 MP: 4/4
  1268 | D:2      | Reached skill level 5 in Dodging
  1649 | D:3      | Reached XP level 5. HP: 24/43 MP: 5/5
  1928 | D:3      | Noticed Terence
  1936 | D:3      | Reached skill level 5 in Long Blades
  1949 | D:3      | Killed Terence
  2493 | D:4      | Identified the +1 robe "Tunus" {Drain +Blink rCorr}
  2590 | D:4      | Found a sparkling altar of Nemelex Xobeh.
  2597 | D:4      | Reached skill level 5 in Fighting
  2597 | D:4      | Reached skill level 6 in Long Blades
  2597 | D:4      | Reached XP level 6. HP: 47/51 MP: 6/6
  2614 | D:4      | You fall into a shaft and drop 1 floor!
  2614 | D:5      | Entered Level 5 of the Dungeon
  2976 | D:5      | Reached skill level 7 in Long Blades
  2981 | D:5      | Reached XP level 7. HP: 16/56 MP: 7/7
  3222 | D:5      | Reached skill level 8 in Long Blades
  3541 | D:5      | Noticed Blork the orc
  3546 | D:5      | Killed Blork the orc
  3642 | D:5      | Reached skill level 9 in Long Blades
  3710 | D:5      | Found a staircase to the Ecumenical Temple.
  3716 | Temple   | Entered the Ecumenical Temple
  3736 | Temple   | Became a worshipper of Ru the Awakened
  3777 | D:5      | Reached skill level 1 in Shapeshifting
  4374 | D:5      | Reached XP level 8. HP: 15/62 MP: 8/8
  4588 | D:6      | Noticed Grinder
  4589 | D:6      | Noticed Sigmund
  4771 | D:6      | HP: 1/62 [acid (8)]
  4773 | D:6      | Splashed by a jelly's acid

Illustrated notes

Levels and vault maps discovered:
D:1:      minmay_arrival_four_houses, layout_loops_ring, serial_forest,
          infiniplex_forest_clump_curved, infiniplex_forest_lined_corner,
          infiniplex_forest_clump_small, infiniplex_forest_lined_corner,
          infiniplex_forest_clump_tiny, infiniplex_forest_end_3,
          infiniplex_forest_corner_2, infiniplex_forest_clump_small, st_stairs_1
D:2:      layout_basic, supply_closet_lemuel, glass_columns_a, uniq_jessica
D:3:      layout_loops_cross, serial_park_tiny_2, serial_bayou_pond_a,
          corner_web_ring, nicolae_houndstooth_variations, uniq_terence
D:4:      layout_basic, mainiacjoe_overflow_small_starburst,
          chequers_serial_rivers_small_a
D:5:      layout_loops_ring, minmay_temple_entry_enclosed_plants,
          portal_sewer_entry_b, chequers_arboretum, minmay_misc_feat_encased,
          uniq_blork_the_orc
D:6:      layout_loops_ring, mainiacjoe_overflow_alcove_4, serial_shops,
          shop_statue, uniq_grinder, uniq_sigmund
Temple:   kb_temple_of_zot

Skill      XL: |  1  2  3  4  5  6  7 |
---------------+----------------------+-----
Long Blades    | 4 6 7 9 |  9.0
Fighting       | 4 5 |  5.0
Dodging        | 5 |  5.0
Shapeshifting  | 4 |  4.1

Action                     |  1- 3 |  4- 6 |  7- 9 || total
---------------------------+-------+-------+-------++-------
  Melee: Falchion          |    45 |   148 |   129 ||   322
  Throw: Dart              |       |     1 |     1 ||     2
    Use: Scroll            |       |     1 |       ||     1
         Potion            |       |       |     1 ||     1
   Stab: Sleeping          |     1 |       |       ||     1
 Armour: Robe              |     8 |    64 |    78 ||   150
         Leather armour    |    13 |       |       ||    13
  Dodge: Dodged            |    29 |    96 |    78 ||   203

Table legend: (Time is in decaauts)
 A = Elapsed time spent in this place.
 B = Non-inter-level travel time spent in this place.
 C = Inter-level travel time spent in this place.
 D = Time resting spent in this place.
 E = Time spent auto-exploring this place.
 F = Levels seen in this place.
 G = Mean time per level.
                   A        B        C        D        E       F      G
               +--------+--------+--------+--------+--------+-----+--------+
         Total |   4762 |   4510 |    252 |    558 |   3255 |   7 |  680.3 |
       Dungeon |   4722 |   4506 |    216 |    558 |   3255 |   6 |  787.0 |
        Temple |     40 |      4 |     36 |      0 |      0 |   1 |   40.0 |
               +--------+--------+--------+--------+--------+-----+--------+

Top non-repeatable levels by time:
     D:5: 1938 daAuts
     D:3: 920 daAuts
     D:1: 899 daAuts
     D:2: 651 daAuts
     D:6: 162 daAuts
     D:4: 149 daAuts
  Temple: 40 daAuts
